 Dungeon Sprint DCSS version 0.23.2-30-g0e89c35 (webtiles) character file.

Game seed: 6076633690617866563

7606 Fang the Fighter (level 11, -1/120 HPs)
             Began as a Gargoyle Berserker on June 10, 2019.
             Was the Champion of Trog.
             Slain by a jiangshi (11 damage)
             ... summoned by a greater mummy
             ... in the Dungeon (Sprint V: "Ziggurat Sprint") on June 12, 2019.
             The game lasted 00:05:19 (1656 turns).

Fang the Fighter (Gargoyle Berserker)               Turns: 1656, Time: 00:05:20

Health: -1/120     AC: 39    Str: 32    XL:     11   Next: 17%
Magic:  11/11      EV: 13    Int: 13    God:    Trog [******]
Gold:   0          SH:  0    Dex:  9    Spells: 10/10 levels left

rFire    . . .     SeeInvis +   C - +6 battleaxe "Spider's Regret" {venom, +Blink rC- rN+++ Str-3}
rCold    x . .     Gourm    .   (shield currently unavailable)
rNeg     + + +     Faith    .   j - +15 Maxwell's patent armour {-Cast -Tele rElec MR+ rCorr}
rPois    ∞         Spirit   .   (no helmet)
rElec    +         Reflect  .   (no cloak)
rCorr    +         Harm     .   (no gloves)
MR       ++...     NoTele   +   (no boots) Stlth ..........NoCast +
                                E - amulet of regeneration
HPRegen  0.70/turn              D - +6 ring of strength
MPRegen  0.12/turn              g - ring "Dojouh" {*Slow MR+ Int+5 SInv}

@: berserking (expiring), slowed
A: negative energy resistance 1, electricity resistance, unbreathing,
petrification resistance, rot immunity, AC +8
a: Berserk, Trog's Hand, Brothers in Arms, Renounce Religion, Evoke Blink


You were in the Dungeon.
You worshipped Trog.
Trog was exalted by your worship.
You were hungry.

You visited 1 branch

Inventory:

Hand Weapons
 k - a +5 executioner's axe
 q - a +4 antimagic broad axe
 u - a +6 antimagic war axe
 B - a +2 battleaxe of chopping
 C - the +6 battleaxe "Spider's Regret" (weapon) {venom, +Blink rC- rN+++ Str-3}
   (Trog gifted it to you in the Dungeon)

   It poisons the flesh of those it strikes.
   It affects your strength (-3).
   It makes you vulnerable to cold.
   It renders you almost immune to negative energy.
   It lets you blink.
Armour
 b - the +13 crystal plate armour of Usuax {Str-4 Int+9}
   (You found it in the Dungeon)

   It affects your strength (-4).
   It affects your intelligence (+9).
 j - the +15 Maxwell's patent armour (worn) {-Cast -Tele rElec MR+ rCorr}
   (You found it in the Dungeon)

   It insulates you from electricity.
   It affects your resistance to hostile enchantments.
   It prevents spellcasting.
   It prevents most forms of teleportation.
   It provides partial protection from all sources of acid and corrosion.
 z - the +11 crystal plate armour of Summer {rF+}
   (You found it in the Dungeon)

   It protects you from fire.
Jewellery
 a - an uncursed ring of positive energy
 g - the ring "Dojouh" (right hand) {*Slow MR+ Int+5 SInv}
   (You found it in the Dungeon)

   [ring of intelligence]

   It affects your intelligence (+5).
   It affects your resistance to hostile enchantments.
   It lets you see invisible.
   It may slow you when you take damage.
 v - a +3 ring of intelligence
 A - the ring of the Rose {rN+ MR- Str+3 Dex+2}
   (You found it in the Dungeon)

   [ring of positive energy]

   It affects your strength (+3).
   It affects your dexterity (+2).
   It protects you from negative energy.
   It affects your resistance to hostile enchantments.
 D - a +6 ring of strength (left hand)
 E - an amulet of regeneration (around neck)
Wands
 w - a wand of disintegration (7)
 x - a wand of iceblast (7)
 y - a wand of acid (7)
Scrolls
 i - 4 scrolls of blinking
 l - 7 scrolls of fog
 m - a scroll of holy word
 n - 5 scrolls of identify
 o - 5 scrolls of remove curse
 p - 2 scrolls of fear
Potions
 d - 10 potions of curing
 e - 10 potions of heal wounds
 f - 6 potions of haste
 h - 3 potions of berserk rage
 r - 2 potions of invisibility
 s - 4 potions of resistance
 t - a potion of experience
Comestibles
 c - 7 rations


   Skills:
 + Level 14.5 Fighting
 + Level 12.5 Axes
 + Level 14.3 Armour
 + Level 11.4 Dodging


You had 10 spell levels left.
You didn't know any spells.
Your spell library was empty.

Dungeon Overview and Level Annotations

Branches:
Dungeon (1/1)

Altars:
Ashenzari
Cheibriados
Dithmenos
Elyvilon
Fedhas
Gozag
Hepliaklqana
Kikubaaqudgha
Makhleb
Nemelex Xobeh
Okawaru
Qazlal
Ru
Sif Muna
Trog
Uskayaw
Vehumet
Wu Jian
Xom
Yredelemnul
Zin
The Shining One
Beogh
Jiyva
Lugonu


Innate Abilities, Weirdness & Mutations

You are resistant to torment.
Your stone body is resilient. (AC +8)
You are immune to poison.
You resist negative energy. (rN+)
You are resistant to electric shocks. (rElec)
You can survive without breathing.
You are immune to petrification.
You are immune to rotting.


Message History

* * * LOW HITPOINT WARNING * * *
The jiangshi closely misses you.
The vampire hits you but does no damage.
The vampire barely misses you.
The greater mummy hits you but does no damage.
The emperor scorpion stings you but does no damage.
The emperor scorpion claws you but does no damage.
The emperor scorpion closely misses you.
The freezing wraith completely misses you.
The freezing wraith hits you.
* * * LOW HITPOINT WARNING * * *
You hit the greater mummy.
The greater mummy is heavily damaged.
You closely miss the emperor scorpion. You barely miss the mana viper.
You hit the emperor scorpion but do no damage.
The emperor scorpion looks even sicker.
You barely miss the vampire.
Your Maxwell's patent armour prevents you from hitting the freezing wraith.
You closely miss the jiangshi. The jiangshi closely misses you.
The jiangshi claws you!
You die...

▓...8©8...▓.
▓..!..[}=.▓..=)..)..▓.
▓..?)).[..▓..=.=)}..▓.
▓.........▓.........▓.
▓.........▓.........▓.
▓....M....▓.........▓.
▓..M.MZ...▓....))...▓.
▓..MVMss..▓....)....▓.
▓.▓SW@S.▓.▓.▓.....▓.▓.
▓...V©s...▓....©....▓▓
▓▓▓▓▓▓▓▓▓▓▓▓▓▓▓▓▓▓▓▓▓


You could see 2 greater mummies, 2 emperor scorpions, a jiangshi, 2 mana vipers,
a guardian mummy, a freezing wraith, a vampire, a death scarab, 2 mummies and an
adder skeleton.

Vanquished Creatures
  A death scarab (D)
  A deep elf knight (D)
  A spriggan druid (D)
  3 deep elf magi (D)
  A black mamba (D)
  A smoke demon (D)
  A kobold demonologist (D)
  A guardian mummy (D)
  2 wind drakes (D)
  A jumping spider (D)
  4 merfolk (D)
  A slime creature (D)
  A flying skull (D)
  A spriggan (D)
  2 air elementals (D)
  A golden eye (D)
  2 insubstantial wisps (D)
  4 hell hounds (D)
  2 floating eyes (D)
  3 black bears (D)
  A wolf (D)
  A small abomination (D)
  4 scorpions (D)
  6 orc priests (D)
  An orc wizard (D)
  4 jellies (D)
  4 quasits (D)
  2 iron imps (D)
  A mummy (D)
  An adder (D)
  A shadow imp (D)
  2 orcs (D)
  A leopard gecko zombie (D)
63 creatures vanquished.

Vanquished Creatures (collateral kills)
  A dancing weapon (D)
  A deep elf archer (D)
  A deep elf mage (D)
3 creatures vanquished.

Vanquished Creatures (others)
  A deep elf knight (D)
  2 insubstantial wisps (D)
  A bat zombie (D)
  A lurking horror (D)
5 creatures vanquished.

Grand Total: 71 creatures vanquished

Notes
Turn   | Place    | Note
-------+----------+-------------------------------------------
     0 | D        | Found the +6 Majin-Bo {vamp, Archmagi MP+6 Int+6}
     0 | D        | Found the +7 great mace "Firestarter" {inner flame, rF++}
     0 | D        | Fang the Gargoyle Berserker began the quest for the Orb.
     0 | D        | Reached XP level 1. HP: 14/14 MP: 1/1
     0 | D        | Found a blossoming altar of Fedhas.
     1 | D        | Found a transporter.
     1 | D        | Found a viscous altar of Jiyva.
     1 | D        | Found an ancient bone altar of Kikubaaqudgha.
     1 | D        | Found a hazy altar of Hepliaklqana.
     1 | D        | Found a corrupted altar of Lugonu.
     1 | D        | Found an opulent altar of Gozag.
     1 | D        | Found a burning altar of Makhleb.
     6 | D        | Found an iron altar of Okawaru.
     6 | D        | Found a stormy altar of Qazlal.
     6 | D        | Found a sparkling altar of Nemelex Xobeh.
     6 | D        | Found a sacrificial altar of Ru.
     6 | D        | Found a deep blue altar of Sif Muna.
    11 | D        | Found the +9 heavy crossbow "Sniper" {velocity, Acc+∞ SInv}
    11 | D        | Found the +10 dark maul {crush}
    11 | D        | Found the +15 Maxwell's patent armour {-Cast -Tele rElec
                  | MR+ rCorr}
    11 | D        | Found the +18 shield of the Gong {rElec rN+ MR+ EV-5}
    11 | D        | Found the cursed +14 obsidian axe {chop, +Fly SInv *Curse}
    25 | D        | Found a bloodstained altar of Trog.
    67 | D        | Entered arena 2.
    67 | D        | Noticed an orc priest
    67 | D        | Found a transporter.
    71 | D        | Killed an orc priest
    71 | D        | Reached XP level 2. HP: 20/20 MP: 2/2
    71 | D        | Reached XP level 3. HP: 24/24 MP: 3/3
    86 | D        | Entered arena 3.
    86 | D        | Found a transporter.
    91 | D        | Reached ** piety under Trog
    91 | D        | Reached skill level 5 in Fighting
    91 | D        | Reached XP level 4. HP: 20/31 MP: 4/4
    91 | D        | Reached skill level 5 in Armour
    94 | D        | Reached skill level 5 in Axes
    94 | D        | Reached XP level 5. HP: 25/36 MP: 5/5
   246 | D        | Got the +13 crystal plate armour of Usuax {Str-4 Int+9}
   249 | D        | Entered arena 4.
   249 | D        | Noticed a merfolk
   249 | D        | Noticed a merfolk
   249 | D        | Noticed a merfolk
   249 | D        | Noticed a merfolk
   249 | D        | Found a transporter.
   260 | D        | Killed a merfolk
   260 | D        | Reached *** piety under Trog
   260 | D        | Reached skill level 5 in Dodging
   260 | D        | Reached XP level 6. HP: 39/44 MP: 6/6
   260 | D        | Killed a merfolk
   260 | D        | Reached XP level 7. HP: 45/51 MP: 7/7
   263 | D        | Killed a merfolk
   267 | D        | Killed a merfolk
   267 | D        | Reached skill level 10 in Fighting
   267 | D        | Reached XP level 8. HP: 47/57 MP: 8/8
   272 | D        | Got the ring "Dojouh" {*Slow MR+ Int+5 SInv}
   390 | D        | Entered arena 5.
   390 | D        | Found a transporter.
   393 | D        | Reached **** piety under Trog
   457 | D        | Entered arena 6.
   457 | D        | Noticed a jumping spider
   457 | D        | Found a transporter.
   461 | D        | Reached skill level 10 in Armour
   461 | D        | Reached ***** piety under Trog
   470 | D        | Killed a jumping spider
   578 | D        | Entered arena 7.
   581 | D        | Received a gift from Trog
   584 | D        | Reached XP level 9. HP: 32/64 MP: 9/9
   586 | D        | Found a transporter.
   782 | D        | Entered arena 8.
   782 | D        | Noticed a spriggan druid
   783 | D        | Found a transporter.
   790 | D        | Killed a spriggan druid
   790 | D        | Reached skill level 10 in Axes
   792 | D        | Received a gift from Trog
   843 | D        | Entered arena 9.
   843 | D        | Noticed a wind drake
   843 | D        | Noticed a wind drake
   844 | D        | Found a transporter.
   854 | D        | Killed a wind drake
   855 | D        | Killed a wind drake
   874 | D        | Reached XP level 10. HP: 32/72 MP: 10/10
   881 | D        | Got the +11 crystal plate armour of Summer {rF+}
   884 | D        | Got the ring of the Rose {rN+ MR- Str+3 Dex+2}
  1051 | D        | Entered arena 10.
  1052 | D        | Found a transporter.
  1054 | D        | Paralysed by a floating eye for 2 turns
  1056 | D        | Received a gift from Trog
  1056 | D        | Reached ****** piety under Trog
  1059 | D        | Paralysed by a floating eye for 3 turns
  1062 | D        | Reached skill level 10 in Dodging
  1088 | D        | Received a gift from Trog
  1112 | D        | Entered arena 11.
  1112 | D        | Noticed a deep elf archer
  1112 | D        | Noticed a deep elf mage
  1112 | D        | Noticed a +0 battleaxe of freezing
  1112 | D        | Noticed a deep elf mage
  1112 | D        | Noticed a deep elf knight
  1112 | D        | Noticed a deep elf knight
  1112 | D        | Noticed a deep elf mage
  1112 | D        | Noticed a deep elf mage
  1112 | D        | Noticed a black mamba
  1113 | D        | Found a transporter.
  1116 | D        | Killed a black mamba
  1119 | D        | Killed a deep elf mage
  1120 | D        | Killed a deep elf knight
  1121 | D        | Killed a deep elf mage
  1123 | D        | Killed a deep elf mage
  1123 | D        | Received a gift from Trog
  1124 | D        | Killed a deep elf knight
  1131 | D        | Killed a +0 battleaxe of freezing
  1132 | D        | HP: 1/74 [deep elf mage/bolt of fire (15)]
  1133 | D        | Killed a deep elf mage
  1136 | D        | Killed a deep elf archer
  1136 | D        | Received a gift from Trog
  1141 | D        | Got a pitted battleaxe {god gift}
  1142 | D        | Identified the +6 battleaxe "Spider's Regret" {venom,
                  | +Blink rC- rN+++ Str-3} (Trog gifted it to you in the
                  | Dungeon)
  1345 | D        | Entered arena 12.
  1345 | D        | Noticed a kobold demonologist
  1345 | D        | Noticed a smoke demon
  1348 | D        | Found a transporter.
  1349 | D        | Noticed an orange demon
  1354 | D        | Killed a kobold demonologist
  1354 | D        | Received a gift from Trog
  1358 | D        | Killed a smoke demon
  1358 | D        | Reached XP level 11. HP: 27/80 MP: 11/11
  1641 | D        | Entered arena 13.
  1641 | D        | Noticed a death scarab
  1641 | D        | Noticed a death scarab
  1642 | D        | Noticed a greater mummy
  1642 | D        | Noticed a greater mummy
  1643 | D        | Identified the +4 dagger of Dininapn {flame, Int+3}
  1650 | D        | Noticed a jiangshi
  1651 | D        | Noticed an emperor scorpion
  1651 | D        | Noticed an emperor scorpion
  1652 | D        | Killed a death scarab
  1653 | D        | Noticed a mana viper
  1653 | D        | Noticed a mana viper
  1653 | D        | Noticed a mana viper
  1656 | D        | Slain by a jiangshi

Skill      XL: |  1  2  3  4  5  6  7  8  9 10 11 |
---------------+----------------------------------+-----
Fighting       | 4 5 6 8 9 10 11 12 14 | 14.5
Axes           | 3 4 5 6 7 8 9 10 12 | 12.5
Armour         | 3 4 5 7 8 9 11 12 13 14 | 14.3
Dodging        | 2 3 4 5 6 7 8 9 11 | 11.4

Action                   |  1- 3 |  4- 6 |  7- 9 | 10-12 || total
-------------------------+-------+-------+-------+-------++-------
Melee: Executioner's axe |     5 |     6 |    61 |    17 ||    89
       Battleaxe         |       |       |       |    23 ||    23
Invok: Berserk           |     1 |     1 |     3 |     2 ||     7
       Brothers in Arms  |       |       |       |     1 ||     1
  Use: Potion            |       |       |     1 |     3 ||     4
  Eat: Chunk             |       |       |     3 |     5 ||     8
Armor: Plate armour      |     4 |    16 |   148 |   123 ||   291
Dodge: Dodged            |     3 |     9 |    88 |   103 ||   203
